 Dungeon Crawl Stone Soup version 0.31-a0-229-g1fc7ce93e2 (webtiles) character file.

Game seed: 1230525866936058984

28 qw the Shooter (level 2, -2/24 HPs)
             Began as a Minotaur Hexslinger on July 6, 2023.
             Slain by Sigmund
             ... wielding a +0 scythe of distortion
              (10 damage)
             ... on level 2 of the Dungeon.
             The game lasted 00:00:23 (926 turns).

qw the Shooter (Minotaur Hexslinger)                 Turns: 926, Time: 00:00:24

Health: -2/24      AC:  5    Str: 12    XL:     2   Next: 96%
Magic:  2/2        EV: 10    Int: 10    God:
Gold:   91         SH:  0    Dex: 12    Spells: 2/3 levels left

rFire   . . .        Y - +1 sling
rCold   . . .        (no shield)
rNeg    . . .        d - +0 ring mail
rPois   .            (helmet restricted)
rElec   .            (no cloak)
rCorr   .            (no gloves)
SInv    .            (no boots)
Will    .....        (no amulet)
Stlth   +            (no ring)
HPRegen 0.24/turn    (no ring)
MPRegen 0.08/turn

%: no passive effects
@: no status effects
A: horns 2, retaliatory headbutt
a: no special abilities


You were on level 2 of the Dungeon.
You visited 1 branch of the dungeon, and saw 2 of its levels.

You collected 91 gold pieces.


Innate Abilities, Weirdness & Mutations

You have a pair of horns on your head.
You reflexively headbutt those who attack you in melee.


   Skills:
 - Level 2.0 Fighting
 + Level 3.5 Ranged Weapons
 - Level 2.1 Dodging
 - Level 1.0 Spellcasting
 - Level 2.0 Hexes


You had 2 spell levels left.
You knew the following spells:

 Your Spells              Type           Power      Damage    Failure   Level
a - Slow                  Hex            16%        N/A       34%         1

Your spell library contained the following spells:

 Spells                   Type           Power      Damage    Failure   Level
 Inner Flame              Hex/Fire       2%         N/A       83%         3
 Portal Projectile        Hex/Tloc       4%         N/A       83%         3
 Cause Fear               Hex            2%         N/A       98%         4

Inventory:

Hand Weapons
 Y - a +1 sling (weapon)
Armour
 d - a +0 ring mail (worn)
 i - a +0 pair of gloves
Scrolls
 a - a scroll of fog {unknown}
Potions
 b - a potion of curing {unknown}
 c - 2 potions of haste {unknown}
 e - a potion of brilliance {unknown}
 f - a potion of heal wounds {unknown}
 g - a potion of cancellation {unknown}
 h - a potion of degeneration {unknown}
 j - a potion of might {unknown}

Dungeon Overview and Level Annotations

Branches:
Dungeon (2/15)

Altars:
Kikubaaqudgha

Annotations:
D:2 Sigmund


Message History

Enter note:
Enter note:
Enter note: You shoot a sling bullet.
The sling bullet hits the ball python.
You kill the ball python!
Found a rapier.
Found a stone staircase leading down.
Enter note:
Enter note:
Enter note: You now have 91 gold pieces (gained 18).
Sigmund the Dreaded comes into view.
He is wielding a +0 scythe of distortion.
Sigmund shouts!
Enter note:
Enter note:
Enter note: You shoot a sling bullet.
The sling bullet closely misses Sigmund.
Found a ring mail.
Enter note:
Enter note:
Enter note:
Enter note:
Enter note:
Enter note: You shoot a sling bullet.
The sling bullet hits Sigmund but does no damage.
Sigmund casts a spell.
Sigmund flickers and vanishes!
Deactivating autopickup; reactivate with Ctrl-A.
You shoot a sling bullet. You shoot a sling bullet.
A magic dart appears from out of thin air!
The magic dart hits you.
You shoot a sling bullet. Something hits you. Space warps horribly around you!
Ouch! That really hurt!
You shoot a sling bullet.
A magic dart appears from out of thin air!
The magic dart hits you. Something hits you!
You die...

##........
#........#
#........
..[.... #
#.....#.# .#
#...{##.##.##
#.#.##......[
#..@......<.
#..........
##..#...###
#..#...###
#........##...
#.##..........
#.##...#.##...
#)##...#.# .
#>##...#.####.


There were no monsters in sight!

Vanquished Creatures
  3 bats (D:1)
  An endoplasm (D:1)
  2 giant cockroaches
  4 goblins
  2 hobgoblins (D:1)
  2 jackals (D:1)
  A quokka (D:1)
  4 ball pythons
  2 frilled lizards (D:1)
  2 kobolds
  4 rats
27 creatures vanquished.

Notes
Turn   | Place    | Note
-------+----------+-------------------------------------------
     0 | D:1      | qw the Minotaur Hexslinger began the quest for the Orb.
     0 | D:1      | Reached XP level 1. HP: 16/16 MP: 1/1
     0 | D:1      | 0 ||| qw: Version: 0.3-a-46-gb1f654a
     0 | D:1      | 0 ||| qw: Game counter: 1523
     0 | D:1      | 0 ||| qw: Melee chars always use a shield: true
     0 | D:1      | 0 ||| qw: God list: Okawaru
     0 | D:1      | 0 ||| qw: Allow faded altars: false
     0 | D:1      | 0 ||| qw: Do Orc after clearing Dungeon:15 true
     0 | D:1      | 0 ||| qw: Do second Lair branch before Depths: true
     0 | D:1      | 0 ||| qw: Lair rune preference: random
     0 | D:1      | 0 ||| qw: Goals: Normal
     0 | D:1      | 0 ||| PLANNING D:1-11
    47 | D:1      | Reached skill level 3 in Ranged Weapons
    54 | D:1      | 54 ||| FLEEEEING.
    55 | D:1      | 55 ||| FLEEEEING.
    74 | D:1      | Reached XP level 2. HP: 23/23 MP: 2/2
   642 | D:1      | 642 ||| UPGRADING to +0 ring mail.
   652 | D:1      | 652 ||| DROPPING +0 robe.
   653 | D:1      | 653 ||| READING scroll labelled LAERACZIUN.
   654 | D:1      | 654 ||| READING scroll labelled POIPPE ZISUW.
   655 | D:1      | 655 ||| DROPPING scroll of poison.
   677 | D:2      | 677 ||| STAIRDANCE
   770 | D:2      | Found an ancient bone altar of Kikubaaqudgha.
   919 | D:2      | Noticed Sigmund
   926 | D:2      | Slain by Sigmund

Levels and vault maps discovered:
D:1:      ncdulo_watergridlock, layout_basic
D:2:      layout_loops_ring, ebering_ecumenical_altar_petrified, basic_altar,
          minivault_24, uniq_sigmund

Skill      XL: |  1  2 |
---------------+-------+-----
Ranged Weapons | 3 |  3.5
Fighting       | 2 |  2.0
Dodging        | |  2.1
Spellcasting   | |  1.0
Hexes          | |  2.0

Action                     || total
---------------------------++-------
   Fire: Sling             ||    84
    Use: Scroll            ||     2
 Armour: Robe              ||     9
         Ring mail         ||    17
  Dodge: Dodged            ||    50

Table legend:
 A = Non-vault XP
 B = Vault XP
 C = Vault XP percentage of total XP
 D = Non-vault monster count
 E = Vault monster count
 F = Vault count percentage of total count
                 A         B        C        D         E       F
            +---------+---------+-------+---------+---------+-------
      Total |      40 |       0 |   0.0 |      27 |       0 |   0.0
            +---------+---------+-------+---------+---------+-------
        D:1 |      31 |       0 |   0.0 |      20 |       0 |   0.0
        D:2 |       9 |       0 |   0.0 |       7 |       0 |   0.0
            +---------+---------+-------+---------+---------+-------
